 Dungeon Sprint DCSS version 0.31-a0-845-g9abc20d24f (webtiles) character file.

Game seed: 9774733592462458945

8478 rocky1 the Timeless (level 11, -3/106 HPs)
             Began as a Naga Gladiator on Oct 2, 2023.
             Was a High Priest of Cheibriados.
             Killed from afar by a molten gargoyle (29 damage)
             ... with a bolt of magma
             ... in the Dungeon (Sprint VII: "The Pits").
             The game lasted 00:05:07 (2616 turns).

rocky1 the Timeless (Naga Gladiator)                Turns: 2616, Time: 00:05:07

Health: -3/106     AC: 13    Str: 34    XL:     11   Next: 31%
Magic:  18/23      EV: 14    Int: 24    God:    Cheibriados [*****.]
Gold:   0          SH:  0    Dex: 26    Spells: 10/10 levels left

rFire   . . .        y - +2 morningstar (heavy)
rCold   . . .        (no shield)
rNeg    . . .        q - +3 scale mail
rPois   +            c - +0 helmet
rElec   .            (no cloak)
rCorr   .            (no gloves)
SInv    +            (no barding)
Will    +....        (no amulet)
Stlth   ++           (no ring)
HPRegen 0.37/turn    (no ring)
MPRegen 0.18/turn

%: no teleportation
@: very slow
A: AC +3, large, see invisible, deformed body, poison resistance, slowness 2,
spit poison 1, naga tail 1
a: Spit Poison, Renounce Religion, Bend Time, Temporal Distortion, Slouch, Step
From Time


You were in the Dungeon.
You worshipped Cheibriados.
Cheibriados was extremely pleased with you.
You visited 1 branch

Inventory:

Hand Weapons
 a - a +0 flail
 p - a +2 mace of protection
 y - a +2 heavy morningstar (weapon)
 z - the +7 staff of the Meek {protect, meekguard}
   (You found it in the Dungeon)
Missiles
 d - 3 throwing nets (quivered)
 e - a javelin
 A - a silver javelin
 B - 4 boomerangs
Armour
 b - a +0 leather armour
 c - a +0 helmet (worn)
 q - a +3 scale mail (worn)
 w - a +5 ring mail
 x - a +4 scale mail
Jewellery
 r - a +3 ring of dexterity
 s - a +3 ring of protection
Scrolls
 k - a scroll of blinking
 m - 2 scrolls of vulnerability
 n - 5 scrolls of amnesia
 o - a scroll of summoning
Potions
 f - 6 potions of curing
 g - 7 potions of heal wounds
 h - 2 potions of haste
 i - 4 potions of magic
 j - 3 potions of berserk rage
 l - 2 potions of invisibility
 t - a potion of might
 u - 2 potions of brilliance
 v - 2 potions of resistance


   Skills:
 + Level 9.1 Fighting
 * Level 15.2 Maces & Flails
 + Level 2.8 Throwing
 + Level 9.5 Armour
 + Level 7.6 Dodging
 + Level 5.3 Stealth
 * Level 16.7 Invocations


You had 10 spell levels left.
You didn't know any spells.
Your spell library was empty.

Dungeon Overview and Level Annotations

Branches:
Dungeon (1/1)

Altars:
Ashenzari
Cheibriados
Dithmenos
Elyvilon
Fedhas
Gozag
Hepliaklqana
Kikubaaqudgha
Makhleb
Nemelex Xobeh
Okawaru
Qazlal
Ru
Sif Muna
Trog
Uskayaw
Vehumet
Wu Jian
Xom
Yredelemnul
Zin
The Shining One
Jiyva
Lugonu


Innate Abilities, Weirdness & Mutations

Your serpentine skin is tough. (AC +3)
You have supernaturally acute eyesight. (SInv)
Armour fits poorly on your strangely shaped body.
Your system is resistant to poisons. (rPois)
You cover ground very slowly.
You can spit poison.
You have a snake-like lower body.


Message History

The rakshasa is moderately wounded.
The wyvern barely misses you.
The wyvern hisses menacingly.
The rakshasa hits you with a +0 trident.
The wyvern bites you!
You crush the rakshasa like a grape!!!
The rakshasa is almost dead.
The rakshasa hits you but does no damage.
You hit the rakshasa.
The rakshasa is almost dead.
The injured rakshasa weaves a defensive illusion!
The rakshasa looks more healthy. x3; The wyvern bites you.
The wyvern barely misses you.
The rakshasa hits you but does no damage.
The wyvern bites you but does no damage.
Activating: Slouch (0% risk of failure)
Press: ? - help, Dir - look around, f - activate You can feel time thicken for a moment.
You kill the rakshasa!
The rakshasa shimmers and vanishes!
You kill the wyvern!
The wyvern's corpse shimmers and vanishes!
You kill the wyvern!
Cheibriados thoroughly appreciates the change of pace.
Cheibriados raises the support of your attributes as your movement slows.
You kill the wyvern!
The wyvern's corpse shimmers and vanishes!
You kill the rakshasa!
Cheibriados appreciates the change of pace.
The rakshasa shimmers and vanishes!
Cheibriados lowers the support of your attributes as your movement quickens.
The molten gargoyle blasts magma at you!
The bolt of magma hits you!!
Unknown command.
The molten gargoyle blasts magma at you!
The bolt of magma hits you!
* * * LOW HITPOINT WARNING * * *
The molten gargoyle blasts magma at you!
The bolt of magma hits you!!
You die...

.#......# ........#
#''######
#÷'############## ####
#......#...'...)###...#
#....###...###.).#...#
#...##.+...+.##))...#
#..##..##'##..##.).##
#..#..##...##..'@).#
#..#..#.[...#..#...#
#..'..).....'..+.†.+
#..#..#.....#..#9..#
#..#..##...##..+...#
#..##..##'##..##...#
#...##.+..)+.# .....
#....###..)### ..#...
#......#...+ .###...


You could see a molten gargoyle.

Vanquished Creatures
  A merfolk javelineer (D)
  Josephine (D)
  A rakshasa (D)
  A boulder beetle (D)
  2 demonic crawlers (D)
  An orc knight (D)
  2 deep elf zephyrmancers (D)
  2 unseen horrors (D)
  A cane toad (D)
  An efreet (D)
  An ice devil (D)
  A troll (D)
  2 merfolk (D)
  A tarantella (D)
  A fire elemental (D)
  A wyvern (D)
  A fire bat (D)
  A floating eye (D)
  An ice beast (D)
  3 orc warriors (D)
  Duvessa (D)
  An ogre (D)
  A centaur (D)
  A gnoll sergeant (D)
  2 necrophages (D)
  Dowan (D)
  A quasit (D)
  An iron imp (D)
  A mummy (D)
  2 gnolls (D)
  2 adders (D)
  An adder zombie (D)
  A worm (D)
  A bat (D)
  A bat zombie (D)
  A goblin (D)
  2 hobgoblins (D)
  2 jackals (D)
  A kobold (D)
  A ball python zombie (D)
51 creatures vanquished.

Vanquished Creatures (others)
  A bat (D)
1 creature vanquished.

Grand Total: 52 creatures vanquished

Notes
Turn   | Place    | Note
-------+----------+-------------------------------------------
     0 | D        | rocky1 the Naga Gladiator began the quest for the Orb.
     0 | D        | Reached XP level 1. HP: 19/19 MP: 1/1
    40 | D        | Found a bloodstained altar of Trog.
    40 | D        | Found a shimmering blue altar of Sif Muna.
    40 | D        | Found a viscous altar of Jiyva.
    40 | D        | Found a hazy altar of Hepliaklqana.
    40 | D        | Found an opulent altar of Gozag.
    41 | D        | Found a glowing golden altar of the Shining One.
    41 | D        | Found a glowing silver altar of Zin.
    41 | D        | Found a basalt altar of Yredelemnul.
    41 | D        | Found a shimmering altar of Xom.
    41 | D        | Found an ornate altar of the Wu Jian Council.
    41 | D        | Found a sacrificial altar of Ru.
    41 | D        | Found a stormy altar of Qazlal.
    41 | D        | Found an iron altar of Okawaru.
    41 | D        | Found a sparkling altar of Nemelex Xobeh.
    41 | D        | Found a burning altar of Makhleb.
    41 | D        | Found a blossoming altar of Fedhas.
    41 | D        | Found a white marble altar of Elyvilon.
    41 | D        | Found a shadowy altar of Dithmenos.
    41 | D        | Found a snail-covered altar of Cheibriados.
    43 | D        | Found a radiant altar of Vehumet.
    43 | D        | Found a corrupted altar of Lugonu.
    44 | D        | Found a hide-covered altar of Uskayaw.
    44 | D        | Found an ancient bone altar of Kikubaaqudgha.
    44 | D        | Found a broken altar of Ashenzari.
    54 | D        | Became a worshipper of Cheibriados the Contemplative
    79 | D        | Reached * piety under Cheibriados
    94 | D        | Reached ** piety under Cheibriados
    95 | D        | Reached XP level 2. HP: 26/26 MP: 2/2
    98 | D        | Noticed a floating eye
    99 | D        | Paralysed by a floating eye for 2 turns
   103 | D        | Paralysed by a floating eye for 4 turns
   110 | D        | Paralysed by a floating eye for 4 turns
   116 | D        | Paralysed by a floating eye for 4 turns
   117 | D        | Reached skill level 1 in Invocations
   122 | D        | Killed a floating eye
   123 | D        | Reached skill level 3 in Invocations
   123 | D        | Reached XP level 3. HP: 34/34 MP: 2/5
   123 | D        | Reached XP level 4. HP: 43/43 MP: 2/6
   123 | D        | Reached XP level 5. HP: 49/49 MP: 2/7
   124 | D        | Reached *** piety under Cheibriados
   125 | D        | Reached skill level 4 in Invocations
   237 | D        | Reached **** piety under Cheibriados
   241 | D        | Noticed an ice beast
   243 | D        | Noticed a centaur
   247 | D        | Reached skill level 5 in Dodging
   247 | D        | Reached skill level 5 in Invocations
   251 | D        | Killed an ice beast
   251 | D        | Killed a centaur
   252 | D        | Reached skill level 5 in Fighting
   252 | D        | Reached skill level 6 in Invocations
   252 | D        | Reached XP level 6. HP: 53/61 MP: 3/10
   268 | D        | Reached XP level 7. HP: 30/67 MP: 5/12
   503 | D        | Noticed Josephine
   517 | D        | Killed Josephine
   517 | D        | Reached ***** piety under Cheibriados
   518 | D        | Reached skill level 10 in Maces & Flails
   518 | D        | Reached skill level 1 in Stealth
   518 | D        | Reached skill level 8 in Invocations
   518 | D        | Reached XP level 8. HP: 26/78 MP: 12/14
  1055 | D        | Noticed Duvessa
  1055 | D        | Noticed Dowan
  1055 | D        | Noticed a deep elf zephyrmancer
  1055 | D        | Noticed an unseen horror
  1057 | D        | Killed Dowan
  1057 | D        | Killed an unseen horror
  1058 | D        | Reached skill level 9 in Invocations
  1060 | D        | Killed Duvessa
  1066 | D        | Killed a deep elf zephyrmancer
  1066 | D        | Reached ****** piety under Cheibriados
  1067 | D        | Reached XP level 9. HP: 22/86 MP: 10/16
  1359 | D        | Found the +7 staff of the Meek {protect, meekguard}
  1492 | D        | Noticed an ice devil
  1515 | D        | Killed an ice devil
  1516 | D        | Reached skill level 10 in Invocations
  1667 | D        | Noticed an unseen horror
  1667 | D        | Noticed a demonic crawler
  1670 | D        | Killed an unseen horror
  1671 | D        | Killed a demonic crawler
  1740 | D        | Noticed a boulder beetle
  1758 | D        | Killed a boulder beetle
  1759 | D        | Reached skill level 11 in Invocations
  1759 | D        | Reached XP level 10. HP: 29/98 MP: 2/18
  2151 | D        | Noticed a deep elf zephyrmancer
  2158 | D        | Killed a deep elf zephyrmancer
  2159 | D        | Reached skill level 12 in Invocations
  2164 | D        | Noticed a cane toad
  2171 | D        | Killed a cane toad
  2172 | D        | Reached skill level 13 in Invocations
  2399 | D        | Noticed a merfolk javelineer
  2399 | D        | Noticed a demonic crawler
  2399 | D        | Noticed an orc knight
  2403 | D        | Killed a demonic crawler
  2403 | D        | Killed an orc knight
  2404 | D        | Reached skill level 15 in Maces & Flails
  2404 | D        | Reached skill level 5 in Stealth
  2404 | D        | Reached skill level 15 in Invocations
  2404 | D        | Reached XP level 11. HP: 35/104 MP: 6/22
  2404 | D        | Killed a merfolk javelineer
  2405 | D        | Reached skill level 16 in Invocations
  2605 | D        | Noticed a rakshasa
  2615 | D        | Killed a rakshasa
  2616 | D        | Killed from afar by a molten gargoyle

Illustrated notes

Levels and vault maps discovered:
D:        pitsprint [storerooms_1, entrance_room_1, metal_vault_6, armoury_1,
          mini_pit_1, grid_room_1, main_hall_1, silver_pit, the_coven_3,
          the_vestibule_1, steel_vault_3, golden_pit, hallway_of_sentries,
          crystal_vault_2, iron_vault_4, final_vault]

Skill      XL: |  1  2  3  4  5  6  7  8  9 10 11 |
---------------+----------------------------------+-----
Throwing       | 2 |  2.8
Dodging        | 3 4 5 6 7 |  7.6
Maces & Flails | 6 8 10 12 14 15 | 15.2
Invocations    | 3 6 8 9 11 15 16 | 16.7
Fighting       | 3 5 6 7 8 9 |  9.1
Armour         | 2 4 6 7 8 9 |  9.5
Stealth        | 1 3 4 5 |  5.3

Action                     |  1- 3 |  4- 6 |  7- 9 | 10-12 || total
---------------------------+-------+-------+-------+-------++-------
  Melee: Flail             |    18 |     5 |       |       ||    23
         Mace              |       |    20 |    85 |    10 ||   115
         Punch             |       |     1 |     3 |       ||     4
         Morningstar       |       |       |       |     6 ||     6
 Invoke: Slouch            |       |     1 |     7 |     8 ||    16
Ability: Spit Poison       |       |       |     1 |     1 ||     2
    Use: Potion            |     3 |       |     1 |       ||     4
   Stab: Sleeping          |       |       |     1 |       ||     1
 Armour: Leather armour    |    33 |     1 |       |       ||    34
         Scale mail        |       |    16 |    69 |    32 ||   117
  Dodge: Dodged            |    11 |     9 |    51 |    22 ||    93

Table legend: (Time is in decaauts)
 A = Elapsed time spent in this place.
 B = Non-inter-level travel time spent in this place.
 C = Inter-level travel time spent in this place.
 D = Time resting spent in this place.
 E = Time spent auto-exploring this place.
 F = Levels seen in this place.
 G = Mean time per level.
                   A        B        C        D        E       F      G
               +--------+--------+--------+--------+--------+-----+--------+
         Total |   3081 |   2912 |    169 |   2078 |      0 |   1 | 3081.0 |
       Dungeon |   3081 |   2912 |    169 |   2078 |      0 |   1 | 3081.0 |
               +--------+--------+--------+--------+--------+-----+--------+

Top non-repeatable levels by time:
       D: 3081 daAuts
